 Dungeon Crawl Stone Soup version 0.22-a0-49-g614aadd (webtiles) character file.

18 KristoblXynda the Slasher (level 2, 0/26 HPs)
             Began as a Naga Gladiator on Jan 8, 2018.
             Slain by a jackal (2 damage)
             ... on level 1 of the Dungeon.
             The game lasted 00:01:15 (441 turns).

KristoblXynda the Slasher (Naga Gladiator)           Turns: 441, Time: 00:01:16

Health: 0/26       AC:  4    Str: 16    XL:     2   Next: 70%
Magic:  2/2        EV:  9    Int:  8    God:
Gold:   6          SH:  0    Dex: 12    Spells: 1/1 levels left

rFire    . . .     SeeInvis +   a - +0 long sword
rCold    . . .     Gourm    .   (no shield)
rNeg     . . .     Faith    .   h - +0 ring mail
rPois    +         Spirit   .   c - +0 helmet
rElec    .         Reflect  .   (no cloak)
rCorr    .         Harm     .   (no gloves)
MR       .....                  (no barding)
Stlth    +.........             (no amulet)
HPRegen  0.08/turn              (no ring)
MPRegen  0.08/turn              (no ring)

@: very slow
A: large, see invisible, deformed body, poison resistance, slowness 2, slow
metabolism 1, spit poison 1, AC +0
a: Spit Poison


You were on level 1 of the Dungeon.
You were not hungry.

You visited 1 branch of the dungeon, and saw 1 of its levels.

You collected 6 gold pieces.

Inventory:

Hand Weapons
 a - a +0 long sword (weapon)
Missiles
 d - 3 throwing nets (quivered)
Armour
 c - a +0 helmet (worn)
 h - a +0 ring mail (worn)
Scrolls
 e - 4 scrolls of teleportation {unknown}
Comestibles
 f - a ration


   Skills:
 - Level 2.0 Fighting
 + Level 3.3 Long Blades
 - Level 2.1 Throwing
 + Level 0.2 Armour
 + Level 2.7 Dodging


You had one spell level left.
You didn't know any spells.

Dungeon Overview and Level Annotations

Branches:
Dungeon (1/15)

Altars:


Innate Abilities, Weirdness & Mutations

You cannot wear boots.
Your serpentine skin is tough. (AC +0)
You have supernaturally acute eyesight. (SInv)
Armour fits poorly on your strangely shaped body.
Your system is resistant to poisons. (rPois)
You cover ground very slowly.
You have a slow metabolism.
You can spit poison.


Message History

Press: ? - help, Shift-Dir - straight line, f - jackal
Aim: a jackal The splash of poison misses the jackal.
You feel slightly more hungry.
You hit the jackal.
The jackal is moderately wounded.
The jackal bites you but does no damage.
The jackal barely misses you.
You riposte.
You closely miss the jackal.
The jackal is moderately wounded.
You hit the jackal.
The jackal is severely wounded.
The jackal bites you but does no damage.
The jackal bites you.
* * * LOW HITPOINT WARNING * * *
You can't do that yet.
Unknown command.
You barely miss the jackal.
The jackal is severely wounded.
You have got your breath back.
The jackal bites you.
You die...

#..........# ####.##
...[..?....# ##....#.
...........# #..####.
#...!......# ####.#####.
$..........# #....###...
..........## #.####...##
##.......†.## #.##...####
#......††...#####.##†###
#?......)h@....#.....#
#...........#......###
#.............[.####
#............#..#
##.........(#...###########
.................(.........
#######.###...#.###########
#. #....... ..........#


You could see a jackal.

Vanquished Creatures
  2 dart slugs (D:1)
  A hobgoblin (D:1)
  3 jackals (D:1)
  2 kobolds (D:1)
  A bat (D:1)
  2 frilled lizards (D:1)
  4 rats (D:1)
15 creatures vanquished.

Notes
Turn   | Place    | Note
-------+----------+-------------------------------------------
     0 | D:1      | KristoblXynda the Naga Gladiator began the quest for the Orb.
     0 | D:1      | Reached XP level 1. HP: 19/19 MP: 1/1
   185 | D:1      | Reached XP level 2. HP: 19/26 MP: 2/2
   424 | D:1      | HP: 1/26 [jackal (2)]
   439 | D:1      | HP: 1/26 [jackal (3)]
   441 | D:1      | Slain by a jackal

Vault maps used:
D:1:      nagdon_arrival_double_spiral, minivault_25

Skill      XL: |  1 |
---------------+----+-----
Throwing       | 2 |  2.1
Fighting       | |  2.0
Long Blades    | |  3.3
Armour         | |  0.2
Dodging        | |  2.7

Action                   || total
-------------------------++-------
Melee: Long sword        ||    35
 Abil: Spit Poison       ||     5
  Use: Potion            ||     1
Armor: Ring mail         ||    18
Dodge: Dodged            ||    29
       Rpst.: Long sword ||    11

Table legend:
 A = Spawn XP
 B = Non-spawn XP
 C = Spawn XP percentage of total XP
 D = Spawn monster count
 E = Non-spawn monster count
 F = Spawn count percentage of total count
 G = Total turns spent on level
                    A         B        C        D         E        F      G
               +---------+---------+-------+---------+---------+-------+---------
         Total |       0 |      27 |   0.0 |       0 |      15 |   0.0 |   441
               +---------+---------+-------+---------+---------+-------+---------
           D:1 |       0 |      27 |   0.0 |       0 |      15 |   0.0 |   441
               +---------+---------+-------+---------+---------+-------+---------
